 Dungeon Crawl Stone Soup version 0.31.0-12-g77e489cdc1 (webtiles) character file.

Game seed: 9327869182557358332

81941 Silvore the Bludgeoner (level 15, 0/143 HPs)
             Began as a Minotaur Fighter on Feb 22, 2024.
             Was the Champion of the Shining One.
             Slain by an orc knight
             ... wielding a +2 battleaxe of venom
              (25 damage)
             ... on level 2 of the Orcish Mines.
             The game lasted 00:32:38 (17762 turns).

Silvore the Bludgeoner (Minotaur Fighter)          Turns: 17762, Time: 00:32:39

Health: 0/143      AC: 31    Str: 40    XL:     15   Next: 28%
Magic:  9/15       EV: 11    Int:  5    God:    the Shining One [******]
Gold:   2862       SH: 15    Dex: 10    Spells: 14/14 levels left

rFire   + + +        a - +3 flail
rCold   . . .        c - +1 buckler
rNeg    + + +        y - +10 plate armour of Bewul {rF+++ Str+6 Stlth-}
rPois   .            e - +2 hat
rElec   .            (no cloak)
rCorr   .            j - +2 pair of gloves
SInv    .            T - +4 pair of boots of the Cobbler {rF++}
Will    +....        g - amulet of regeneration Stlth
                     N - +6 ring of strength
HPRegen 1.23/turn    r - +4 ring of protection
MPRegen 0.14/turn

%: no passive effects
@: divinely shielded, about to teleport, corroded, glowing
A: horns 2, retaliatory headbutt
a: Renounce Religion, Divine Shield, Cleansing Flame, Summon Divine Warrior,
Brand Weapon With Holy Wrath


You were on level 2 of the Orcish Mines.
You worshipped the Shining One.
The Shining One was exalted by your worship.
You visited 4 branches of the dungeon, and saw 22 of its levels.
You visited the Abyss 1 time.
You also visited: Sewer, Bailey, Gauntlet and Volcano.

You collected 2952 gold pieces.
You spent 90 gold pieces at shops.

Inventory:

Hand Weapons
 a - a +3 flail (weapon)
 D - a +0 vampiric halberd
 F - a +2 scimitar of flaming
 H - the +4 trident "Iloilin" {flame, Str+3}
   (You found it on level 10 of the Dungeon)

   Str+3:     It affects your strength (+3).
 V - the +5 glaive of the Sage {flame, Will- Dex+4}
   (You found it in a Gauntlet)

   Dex+4:     It affects your dexterity (+4).
   Will-:     It decreases your willpower.
Armour
 c - a +1 buckler (worn)
 e - a +2 hat (worn)
 j - a +2 pair of gloves (worn)
 y - the +10 plate armour of Bewul (worn) {rF+++ Str+6 Stlth-}
   (You found it in a bailey)

   Str+6:     It affects your strength (+6).
   rF+++:     It renders you almost immune to fire.
   Stlth-:    It makes you less stealthy.
 T - the +4 pair of boots of the Cobbler (worn) {rF++}
   (You found it in a Gauntlet)

   rF++:      It greatly protects you from fire.
 Z - a +0 hat of intelligence
Jewellery
 g - an amulet of regeneration (around neck)
 r - a +4 ring of protection (right hand)
 A - the amulet "Xogh" {RegenMP rF++ Will-}
   (You found it in a bailey)

   [amulet of magic regeneration]

   RegenMP:   It increases your rate of magic regeneration.
   rF++:      It greatly protects you from fire.
   Will-:     It decreases your willpower.
 N - a +6 ring of strength (left hand)
Wands
 d - a wand of iceblast (6)
 v - a wand of polymorph (9)
 x - a wand of quicksilver (25)
 z - a wand of charming (17)
 J - a wand of digging (9)
 O - a wand of mindburst (11)
 P - a wand of flame (11)
Scrolls
 m - a scroll of blinking
 p - 2 scrolls of amnesia
 s - a scroll of fog
 u - a scroll of teleportation
 G - 3 scrolls of poison
 L - 3 scrolls of immolation
 X - 2 scrolls of torment
 Y - a scroll of silence
Potions
 b - a potion of invisibility
 f - 5 potions of curing
 h - a potion of heal wounds
 i - 7 potions of attraction
 k - 10 potions of haste
 l - 3 potions of brilliance
 n - 3 potions of cancellation
 o - 4 potions of magic
 q - 6 potions of mutation
 t - a potion of ambrosia
 w - 3 potions of degeneration
 M - a potion of enlightenment
Miscellaneous
 U - a condenser vane


   Skills:
 + Level 15.7 Fighting
 + Level 18.2 Maces & Flails
 + Level 16.6 Armour
 + Level 5.5 Dodging
 + Level 1.2 Stealth
 + Level 14.8 Shields
 + Level 1.4 Invocations


You had 14 spell levels left.
You didn't know any spells.
Your spell library contained the following spells:

 Spells                   Type           Power      Damage    Failure   Level
 Magic Dart               Conj           0%         1d3       89%         1
 Blink                    Tloc           0%         N/A       96%         2
 Call Imp                 Summ           0%         N/A       96%         2
 Cigotuvi's Dreadful Rot  Necr/Alch/Air  0%         N/A       96%         2
 Call Canine Familiar     Summ           0%         N/A       99%         3
 Frozen Ramparts          Ice            0%         1d1       99%         3
 Fugue of the Fallen      Necr           0%         N/A       99%         3
 Ozocubu's Armour         Ice            0%         N/A       99%         3
 Sigil of Binding         Hex            0%         N/A       99%         3
 Dimensional Bullseye     Hex/Tloc       0%         N/A       100%        4
 Ignite Poison            Fire/Alch      0%         N/A       100%        4
 Leda's Liquefaction      Alch/Erth      0%         N/A       100%        4
 Manifold Assault         Tloc           0%         N/A       100%        4
 Petrify                  Alch/Erth      0%         N/A       100%        4
 Sticky Flame             Fire/Alch      0%         2d4       100%        4
 Summon Blazeheart Golem  Fire/Summ      0%         N/A       100%        4
 Freezing Cloud           Conj/Ice/Air   0%         6-21      100%        5
 Metabolic Englaciation   Hex/Ice        0%         N/A       100%        5
 Summon Forest            Summ/Tloc      0%         N/A       100%        5
 Eringya's Noxious Bog    Alch           0%         4d6       100%        6
 Orb of Destruction       Conj           0%         9d5       100%        7
 Spellforged Servitor     Conj/Summ      0%         N/A       100%        7
 Summon Hydra             Summ           0%         N/A       100%        7
 Ignition                 Fire           0%         3d3       100%        8


Dungeon Overview and Level Annotations

Branches:
Dungeon (15/15)            Temple (1/1) D:7            Lair (4/5) D:11
 Shoals (0/4) Lair:2        Snake (0/4) Lair:3          Orc (2/2) D:9
    Elf (0/3) Orc:2        Vaults (0/5) D:14         Depths (0/4) D:15
  Sewer (visited)          Bailey (visited)         Volcano (visited)
Gauntlet (visited)
  Slime: Lair:4-5

Altars:
Ashenzari
Cheibriados
Dithmenos
Elyvilon
Fedhas
Gozag
Hepliaklqana
Kikubaaqudgha
Makhleb
Nemelex Xobeh
Okawaru
Qazlal
Ru
Sif Muna
Trog
Uskayaw
Vehumet
Wu Jian
Xom
Yredelemnul
Zin
The Shining One

Shops:
D:3 (   D:12 (   D:14 [*:(   Orc:1 *?   Orc:2 [

Annotations:
D:5 2 transporters, Rangus's ghost, novice GnWn
D:13 2 transporters, cdecastro's ghost, journeyman DEFE


Innate Abilities, Weirdness & Mutations

You have a pair of horns on your head.
You reflexively headbutt those who attack you in melee.


Message History

The orc high priest invokes the aid of Beogh against you.
Beogh smites you!
The orc knight roars a battlecry!
The orcs go into a battle-frenzy!
You block the ice devil's attack.
You hit the orc knight but do no damage.
You headbutt the orc knight, but do no damage.
The orc knight is heavily wounded.
You block the orc high priest's attack.
An orc knight comes into view. It is wielding a +1 halberd.
The orc high priest mumbles some strange prayers to Beogh against you.
Beogh smites you!
* * * LOW HITPOINT WARNING * * *
The orc knight hits you with a +2 battleaxe of venom.
* * * LOW HITPOINT WARNING * * *
You are poisoned.
You block the orc priest's attack.
The orc sorcerer mumbles some strange words.
You feel disoriented.
As you read the scroll of teleportation, it crumbles to dust.
You feel strangely unstable.
You feel very sick. You block the ice devil's attack.
The orc high priest barely misses you.
The orc priest hits you but does no damage.
The orc knight closely misses you. You furiously retaliate!
You headbutt the orc knight!
The orc knight roars a battlecry!
The orc high priest utters an invocation to Beogh.
The orc knight sings a few bars from the Orcish anthem.
The orc knight hits you with a +2 battleaxe of venom!!
* * * LOW HITPOINT WARNING * * *
You barely miss the orc priest.
You feel sick.
The ice devil hits you but does no damage.
Unknown command.
You feel better.
The orc sorcerer no longer looks unusually strong.
The orc high priest no longer looks unusually strong.
You block the orc high priest's attack.
The orc knight hits you with a +2 battleaxe of venom!!
You die...

*,*,,,,..#####.##....#####
*,,,,,,............### #
*,*,,,,..#####.##...# #
*,*,,,,,o3..##.##...#
*,,*,,,,4o.4##.##..##
*∩,*,,,o#4oo##.##...#
*#.,#,,##oo##..##...##
#∩.#.##ooo##.###....#
*#....o4@##..# ###.## ###
##...oo##..## ### #..
#####44..## ##. ######
##.. #... ##* ##.# ****
*.#* ### *,,** ##*#.## #
*** ***,,,*** ##.##..# #


You could see 4 orc knights, 3 orc high priests, an orange demon (summoned), 2
ice devils, a neqoxec (summoned), 2 orc sorcerers, 2 chaos spawn, an orc priest
(strong) and 2 orc wizards.

Vanquished Creatures
  Jorgrun (D:12)
  Rupert (Lair:4)
  Gastronok (Lair:3)
  A reaper (Gauntlet)
  An ironbound preserver (D:14)
  A minotaur (Gauntlet)
  Josephine (D:11)
  A great orb of eyes (D:15)
  A rakshasa (D:15)
  A catoblepas (D:13)
  Erica (D:9)
  5 boulder beetles
  A hydra (Lair:3)
  A death knight (D:15)
  A tengu warrior (D:13)
  6 two-headed ogres
  3 centaur warriors
  A thrashing horror (Abyss:1)
  An orc high priest (Orc:1)
  Nergalle (Orc:1)
  A wretched star (Abyss:1)
  4 skysharks
  An arcanist (D:14)
  A necromancer (Gauntlet)
  2 deep elf archers (Volcano)
  4 large abominations
  5 cyclopes
  8 deep elf pyromancers
  2 orc sorcerers (Orc:2)
  5 ugly things
  3 manticores
  7 elephants (Lair:4)
  A worldbinder (Abyss:1)
  6 black mambas
  A black mamba (shapeshifter) (D:15)
  A merfolk siren (Lair:2)
  4 kobold blastminers
  A torpor snail (Lair:3)
  3 gargoyles
  12 cane toads
  An unseen horror (D:11)
  2 rime drakes
  3 kobold demonologists
  5 komodo dragons
  Psyche (D:11)
  3 yaktaurs (D:15)
  An efreet (D:15)
  2 tengu conjurers (D:13)
  A catoblepas skeleton (Abyss:1)
  5 trolls
  A polar bear (Lair:4)
  A hellwing (Gauntlet)
  A raiju (Abyss:1)
  A polar bear (shapeshifter) (D:14)
  7 dream sheep (Lair:4)
  11 blink frogs (Lair:4)
  A vampire (Bailey)
  Sigmund (D:4)
  4 slime creatures (D:15)
  A shadow (D:13)
  A ynoxinul (Abyss:1)
  7 wyverns
  2 wargs
  4 wraiths (D:11)
  63 yaks
  7 fire elementals (Volcano)
  Eustachio (D:5)
  4 basilisks
  Menkaure (D:4)
  4 small abominations
  2 acid dragons (D:14)
  17 water moccasins
  2 hell hounds (Volcano)
  3 nagas (Lair:3)
  11 orc warriors
  A sky beast (D:6)
  2 black bears
  2 laughing skulls (D:15)
  29 wolves
  4 boggarts (D:14)
  2 ice beasts
  6 centaurs
  5 ogres
  4 kobold brigands
  17 bullfrogs
  A brain worm (shapeshifter) (D:15)
  2 scorpions (D:6)
  4 wights (D:7)
  8 wolf zombies (Bailey)
  9 howler monkeys
  7 vampire bats (Bailey)
  An electric eel (Lair:3)
  A bombardier beetle (D:5)
  A jelly (D:7)
  A gnoll bouda (D:10)
  11 orc priests
  2 sleepcaps (D:6)
  Natasha (twice) (D:3)
  2 iguanas
  15 orc wizards
  2 human simulacra (D:14)
  7 gnolls
  12 adders
  7 river rats (Sewer)
  A dart slug (D:2)
  5 ribbon worms
  68 orcs
  3 endoplasms
  2 giant cockroaches
  6 goblins
  4 hobgoblins
  2 jackals (D:3)
  30 kobolds
  A quokka (D:3)
  10 ball pythons
  A bat (D:2)
  5 frilled lizards
  18 orc zombies (Bailey)
  28 rats
636 creatures vanquished.

Vanquished Creatures (others)
  An orc wizard (Orc:2)
1 creature vanquished.

Grand Total: 637 creatures vanquished

Notes
Turn   | Place    | Note
-------+----------+-------------------------------------------
     0 | D:1      | Silvore the Minotaur Fighter began the quest for the Orb.
     0 | D:1      | Reached XP level 1. HP: 19/19 MP: 0/0
   101 | D:1      | Found a faded altar of an unknown god.
   171 | D:1      | Reached XP level 2. HP: 27/27 MP: 1/1
   817 | D:2      | Reached XP level 3. HP: 24/33 MP: 2/2
  1140 | D:2      | Reached skill level 3 in Maces & Flails
  1398 | D:3      | Found a glowing drain.
  1435 | Sewer    | Entered a sewer
  1450 | Sewer    | Reached XP level 4. HP: 40/40 MP: 3/3
  1616 | Sewer    | Reached skill level 4 in Maces & Flails
  1636 | Sewer    | Reached XP level 5. HP: 22/46 MP: 4/4
  1879 | D:3      | Noticed Natasha
  1884 | D:3      | Killed Natasha
  1996 | D:3      | Found Phag's Antique Weapon Emporium.
  2111 | D:3      | Reached skill level 5 in Maces & Flails
  2283 | D:3      | Noticed Natasha
  2289 | D:3      | Killed Natasha
  2290 | D:3      | Reached XP level 6. HP: 53/53 MP: 5/5
  2549 | D:4      | Noticed Menkaure
  2558 | D:4      | Killed Menkaure
  2559 | D:4      | Reached skill level 5 in Armour
  2559 | D:4      | Reached skill level 1 in Dodging
  2559 | D:4      | Reached skill level 5 in Shields
  2586 | D:4      | Reached skill level 6 in Maces & Flails
  2795 | D:4      | Noticed Sigmund
  2846 | D:4      | Killed Sigmund
  2847 | D:4      | Reached XP level 7. HP: 60/60 MP: 6/6
  2921 | D:4      | Identified a scroll of acquirement
  2921 | D:4      | Acquired 802 gold pieces
  3058 | D:5      | Entered Level 5 of the Dungeon
  3066 | D:5      | Reached skill level 7 in Maces & Flails
  3074 | D:5      | Found an ornate altar of the Wu Jian Council.
  3124 | D:5      | Reached skill level 5 in Fighting
  3163 | D:5      | Noticed Eustachio
  3181 | D:5      | Killed Eustachio
  3275 | D:5      | Found an opulent altar of Gozag.
  3342 | D:5      | Reached skill level 8 in Maces & Flails
  3401 | D:5      | Found a transporter.
  3403 | D:5      | Identified the +1 great mace "Omeces" {flame, rPois rC+
                  | rN+++ Dex-2}
  3403 | D:5      | Noticed Rangus's ghost (novice GnWn)
  3408 | D:5      | Found a transporter.
  3469 | D:5      | Reached XP level 8. HP: 68/68 MP: 7/7
  3899 | D:6      | Found a radiant altar of Vehumet.
  4089 | D:6      | Reached skill level 9 in Maces & Flails
  4510 | D:7      | Found a shadowy altar of Dithmenos.
  4608 | D:7      | Reached XP level 9. HP: 40/75 MP: 8/8
  4627 | D:7      | Found a staircase to the Ecumenical Temple.
  4630 | D:7      | Reached skill level 10 in Maces & Flails
  4641 | Temple   | Entered the Ecumenical Temple
  4653 | Temple   | Became a worshipper of the Shining One
  4791 | D:7      | Found a sacrificial altar of Ru.
  5006 | D:8      | Noticed a two-headed ogre
  5018 | D:8      | Killed a two-headed ogre
  5082 | D:8      | Reached skill level 11 in Maces & Flails
  5103 | D:8      | Found a flagged portal.
  5116 | Bailey   | Entered a bailey
  5191 | Bailey   | Reached * piety under the Shining One
  5265 | Bailey   | Reached ** piety under the Shining One
  5287 | Bailey   | Reached XP level 10. HP: 84/86 MP: 9/9
  5407 | Bailey   | Identified the +10 plate armour of Bewul {rF+++ Str+6
                  | Stlth-}
  5434 | Bailey   | Noticed a gargoyle
  5439 | Bailey   | Killed a gargoyle
  5473 | Bailey   | Identified the amulet "Xogh" {RegenMP rF++ Will-}
  5570 | D:8      | Reached skill level 12 in Maces & Flails
  5943 | D:8      | Reached *** piety under the Shining One
  6590 | D:9      | Noticed a two-headed ogre
  6598 | D:9      | Killed a two-headed ogre
  6601 | D:9      | Reached skill level 13 in Maces & Flails
  6672 | D:9      | Noticed Erica
  6680 | D:9      | Killed Erica
  7037 | D:9      | Found a staircase to the Orcish Mines.
  7044 | D:9      | Reached XP level 11. HP: 86/95 MP: 10/10
  7156 | D:9      | Found a snail-covered altar of Cheibriados.
  7156 | D:9      | Found a bloodstained altar of Trog.
  7282 | D:10     | Entered Level 10 of the Dungeon
  7311 | D:10     | Identified the +4 trident "Iloilin" {flame, Str+3}
  7550 | D:10     | Found a hazy altar of Hepliaklqana.
  7789 | D:11     | Noticed Psyche
  7790 | D:11     | Found a broken altar of Ashenzari.
  7791 | Abyss:1  | Cast into level 1 of the Abyss (Psyche)
  7864 | Abyss:1  | Noticed a merfolk aquamancer
  7872 | Abyss:1  | Noticed a merfolk aquamancer
  7882 | Abyss:1  | Reached skill level 14 in Maces & Flails
  7892 | Abyss:1  | Found a corrupted altar of Lugonu.
  7916 | Abyss:1  | Noticed a large abomination
  7925 | Abyss:1  | Killed a large abomination
  7964 | Abyss:1  | Noticed a thrashing horror
  7965 | Abyss:1  | Noticed a large abomination
  7970 | Abyss:1  | Killed a thrashing horror
  7971 | Abyss:1  | Reached skill level 10 in Armour
  7975 | Abyss:1  | Killed a large abomination
  7993 | Abyss:1  | Noticed a wretched star
  8000 | Abyss:1  | Killed a wretched star
  8005 | D:11     | Escaped the Abyss
  8007 | D:11     | Killed Psyche
  8089 | D:11     | Reached skill level 10 in Fighting
  8091 | D:11     | Reached **** piety under the Shining One
  8093 | D:11     | Found a staircase to the Lair.
  8098 | D:11     | Reached skill level 15 in Maces & Flails
  8144 | D:11     | Identified the +1 robe "Gyloaf Eloir" {rElec rPois Str+2
                  | Int-2}
  8191 | D:11     | Noticed a two-headed ogre
  8192 | D:11     | Noticed Josephine
  8202 | D:11     | Killed a two-headed ogre
  8209 | D:11     | Killed Josephine
  8219 | D:11     | Reached XP level 12. HP: 108/108 MP: 11/11
  8308 | D:11     | Reached skill level 10 in Shields
  8405 | D:12     | Found Vurotus's Weapon Boutique.
  8619 | D:12     | Noticed a two-headed ogre
  8625 | D:12     | Killed a two-headed ogre
  8995 | D:12     | Noticed Jorgrun
  9022 | D:12     | Killed Jorgrun
  9425 | D:13     | Noticed a catoblepas
  9547 | D:13     | Reached skill level 16 in Maces & Flails
  9576 | D:13     | Killed a catoblepas
  9627 | D:13     | Noticed a tengu warrior
  9640 | D:13     | Killed a tengu warrior
  9754 | D:13     | Found a transporter.
  9823 | D:13     | Found a bloodstained altar of Trog.
  9823 | D:13     | Noticed cdecastro's ghost (journeyman DEFE)
  9823 | D:13     | Noticed a tengu warrior
  9823 | D:13     | Noticed a two-headed ogre
  9824 | D:13     | Noticed a two-headed ogre
  9835 | D:13     | Noticed a two-headed ogre
  9838 | D:13     | Noticed a two-headed ogre
 10219 | D:13     | Found a transporter.
 10344 | D:14     | Noticed a centaur warrior
 10352 | D:14     | Noticed a tengu warrior
 10352 | D:14     | Noticed a tengu warrior
 10354 | D:14     | Noticed a centaur warrior
 10356 | D:14     | Noticed a centaur warrior
 10393 | D:14     | Noticed a two-headed ogre
 10402 | D:14     | Noticed a boulder beetle
 10603 | D:14     | Noticed a centaur warrior
 10605 | D:14     | Noticed a boulder beetle
 10610 | D:14     | Killed a centaur warrior
 10633 | D:14     | Killed a boulder beetle
 10654 | D:14     | Found a gate to the Vaults.
 10654 | D:14     | Noticed a centaur warrior
 10654 | D:14     | Noticed an ironbound preserver
 10669 | D:14     | Killed an ironbound preserver
 10670 | D:14     | Reached XP level 13. HP: 72/118 MP: 12/12
 11038 | D:14     | Found Wixzash's Armour Shop.
 11038 | D:14     | Found Loamnuf's Book Boutique.
 11063 | D:14     | Found Gurat's Assorted Antiques.
 11064 | D:14     | Found Jorphat's Weapon Emporium.
 11067 | D:14     | Found Qoixt's Antique Weapon Shop.
 11134 | D:14     | Reached ***** piety under the Shining One
 11181 | D:14     | Found a hazy altar of Hepliaklqana.
 11454 | D:15     | Entered Level 15 of the Dungeon
 11863 | D:15     | Found a staircase to the Depths.
 11888 | D:15     | Reached skill level 1 in Invocations
 12380 | D:15     | Reached skill level 1 in Stealth
 12696 | Lair:1   | Entered Level 1 of the Lair of Beasts
 12700 | Lair:1   | Reached skill level 15 in Armour
 12745 | Lair:1   | Found a gate leading to a gauntlet.
 12762 | Gauntlet | Entered a Gauntlet
 12762 | Gauntlet | Found a transporter.
 12762 | Gauntlet | Found a transporter.
 12765 | Gauntlet | Found a transporter.
 12765 | Gauntlet | Found a transporter.
 12768 | Gauntlet | Found a transporter.
 12768 | Gauntlet | Found a transporter.
 12870 | Gauntlet | Found a runed translucent door.
 12874 | Gauntlet | Found a runed translucent door.
 12875 | Gauntlet | Found a transporter.
 12879 | Gauntlet | Found a transporter.
 12879 | Gauntlet | Found a transporter.
 12879 | Gauntlet | Found a transporter.
 12881 | Gauntlet | Noticed a reaper
 12898 | Gauntlet | Found a runed translucent door.
 12962 | Gauntlet | Found a runed translucent door.
 12963 | Gauntlet | Found a runed translucent door.
 12976 | Gauntlet | Found a transporter.
 12990 | Gauntlet | Killed a reaper
 12991 | Gauntlet | Reached skill level 5 in Dodging
 13002 | Gauntlet | Identified the +4 pair of boots of the Cobbler {rF++}
 13016 | Gauntlet | Found a transporter.
 13073 | Gauntlet | Noticed a minotaur
 13083 | Gauntlet | Killed a minotaur
 13084 | Gauntlet | Reached skill level 17 in Maces & Flails
 13090 | Gauntlet | Identified the +5 glaive of the Sage {flame, Will- Dex+4}
 13374 | Lair:1   | Reached XP level 14. HP: 121/129 MP: 14/14
 13956 | Lair:2   | Found a staircase to the Shoals.
 14502 | Lair:3   | Noticed Gastronok
 14555 | Lair:3   | Killed Gastronok
 14653 | Lair:3   | Reached ****** piety under the Shining One
 14894 | Lair:3   | Found a staircase to the Snake Pit.
 15396 | Lair:4   | Reached skill level 15 in Fighting
 15678 | Lair:4   | Noticed Rupert
 15692 | Lair:4   | Paralysed by Rupert for 3 turns
 15703 | Lair:4   | HP: 2/135 [yak (10)]
 15703 | Lair:4   | The Shining One protects you from harm!
 15902 | Lair:4   | Killed Rupert
 16271 | Lair:4   | Reached XP level 15. HP: 127/141 MP: 15/15
 16641 | Orc:1    | Entered Level 1 of the Orcish Mines
 16644 | Orc:1    | Reached skill level 18 in Maces & Flails
 16698 | Orc:1    | Found Deumust's Magic Scroll Boutique.
 16834 | Orc:1    | Noticed Nergalle
 16849 | Orc:1    | Killed Nergalle
 17043 | Orc:1    | Found Quvustuo's Assorted Antiques.
 17051 | Orc:1    | Bought a scroll of identify for 60 gold pieces
 17051 | Orc:1    | Bought a scroll labelled ZITI VEUCUQEO for 30 gold pieces
 17075 | Orc:2    | Entered Level 2 of the Orcish Mines
 17127 | Orc:2    | Found a dark tunnel.
 17134 | Volcano  | Entered a volcano
 17549 | Orc:2    | Found a staircase to the Elven Halls.
 17726 | Orc:2    | Found Myankiaz's Antique Armour Emporium.
 17762 | Orc:2    | Slain by an orc knight

Illustrated notes

Levels and vault maps discovered:
D:1:      ebering_trefoil_3fold, layout_basic, shapermc_ecumenical_altar_ellora
D:2:      layout_basic
D:3:      layout_rooms, portal_sewer_entry_a, serial_shops, nicolae_square_shop,
          uniq_natasha
D:4:      wander_river, layout_rooms, uniq_sigmund, uniq_menkaure
D:5:      layout_basic, grunt_gozag_breadcrumbs, lemuel_tele_altar,
          gammafunk_ghost_smash, uniq_eustachio
D:6:      layout_loops_ring, vehumet_crystals
D:7:      layout_rooms, mainiacjoe_overflow_alcove_4, lemuel_crystal_altar,
          minmay_temple_entry_slanted
D:8:      layout_layer_cave, enter_bailey_2
D:9:      layout_roguey [special_room_orc], gammafunk_temple_overflow_wave,
          minmay_orc_entry_guard_dogs, minmay_misc_feat_iff, uniq_erica
D:10:     layout_roguey, mainiacjoe_overflow_chevrons
D:11:     layout_rooms, minmay_lair_entry_grove, minmay_misc_feat_five,
          amcnicky_mini_pool_small, ashenzari_altar_1, uniq_psyche,
          uniq_josephine
D:12:     layout_basic, serial_shops, nicolae_stop_n_shop_2, uniq_jorgrun
D:13:     layout_roguey, gammafunk_ghost_wrathful_warriors
D:14:     layout_irregular_city, skrybe_vaults_entry_preservation,
          nicolae_hepliaklqana_hazy_memory, nicolae_shop_national_dungeon_mall,
          bh_circular_ruins
D:15:     gammafunk_enter_depths_forms, layout_loops_corners,
          chequers_serial_rivers_micro_d
Temple:   nicolae_temple_great_sept
Lair:1:   layout_hall_layers, gauntlet_entry_generic, grunt_megastairs_5
Lair:2:   layout_loops_ring, minmay_shoals_entry_lonely_mermaid,
          beast_lair_carwin_2
Lair:3:   layout_misc_corridors, nicolae_snake_entry_squirm, grunt_megastairs_3,
          infiniplex_staircase_pool, lemuel_fruit_tree, uniq_gastronok
Lair:4:   beast_lair_carwin_large_2, layout_small_grid, lemuel_old_faithful,
          grunt_megastairs_4, uniq_rupert
Orc:1:    cheibrodos_orc_bank, layout_caves, serial_shops, shop, shop, shop,
          nicolae_shop_gaudy_bauble, bh_open_orc_temple, uniq_nergalle
Orc:2:    st_orc_elflike, layout_diamond_mine, nicolae_volcano_entry_hallway

Skill      XL: |  1  2  3  4  5  6  7  8  9 10 11 12 13 14 15 |
---------------+----------------------------------------------+-----
Armour         | 4 5 6 7 8 9 11 13 15 16 | 16.6
Shields        | 4 5 6 7 8 9 10 12 14 | 14.8
Fighting       | 4 5 6 7 8 10 12 13 15 | 15.7
Maces & Flails | 3 4 5 6 8 9 11 13 15 16 17 18 | 18.2
Dodging        | 1 2 3 4 5 |  5.5
Invocations    | 1 |  1.4
Stealth        | 1 |  1.2

Action                     |  1- 3 |  4- 6 |  7- 9 | 10-12 | 13-15 || total
---------------------------+-------+-------+-------+-------+-------++-------
  Melee: Flail             |    89 |   184 |   265 |   503 |   883 ||  1924
         Headbutt          |    11 |    17 |    51 |   151 |   277 ||   507
 Invoke: Divine Shield     |       |       |       |     1 |     2 ||     3
         Summon Divine War |       |       |       |       |     1 ||     1
    Use: Scroll            |     9 |     4 |     7 |     9 |    11 ||    40
         Potion            |       |     2 |       |     7 |     3 ||    12
 Armour: Chain mail        |    84 |   176 |   294 |     6 |       ||   560
         Scale mail        |     4 |       |       |       |       ||     4
         Plate armour      |       |       |       |   654 |  1013 ||  1667
  Dodge: Dodged            |    41 |    86 |   122 |   286 |   435 ||   970
  Block: Buckler           |    33 |    65 |    86 |   185 |   416 ||   785
